 Dungeon Crawl Stone Soup version 0.26-a0-540-g8a0c9464d7 (webtiles) character file.

Game seed: 11625582173888285794

6 FessEmpty the Slasher (level 1, 17/19 HPs)
             Began as a Palentonga Berserker on Aug 16, 2020.
             Was a Follower of Trog.
             Got out of the dungeon alive.
             The game lasted 00:00:50 (68 turns).

FessEmpty the Slasher (Palentonga Berserker)          Turns: 68, Time: 00:00:50

Health: 17/19      AC:  4    Str: 20    XL:     1   Next: 75%
Magic:  1/1        EV: 10    Int:  7    God:    Trog [*.....]
Gold:   0          SH:  0    Dex:  9    Spells: 0/0 levels left

rFire    . . .     SeeInvis +   a - +0 falchion
rCold    . . .     Faith    .   (no shield)
rNeg     . . .     Spirit   .   b - +0 animal skin
rPois    .         Reflect  .   (no helmet)
rElec    .         Harm     .   (no cloak)
rCorr    .                      (no gloves)
MR       .....                  (boots restricted)
Stlth    +.........             (no amulet)
HPRegen  0.06/turn              (no ring)
MPRegen  0.07/turn              (no ring)

@: no status effects
A: large, rugged brown scales 3, see invisible, deformed body, roll, armoured
tail
a: Rolling Charge, Berserk, Renounce Religion


You escaped.
You worshipped Trog.
Trog was aware of your devotion.
You visited 1 branch of the dungeon, and saw 1 of its levels.

Inventory:

Hand Weapons
 a - a +0 falchion (weapon)
Armour
 b - a +0 animal skin (worn)
Potions
 c - a potion of flight {unknown}


   Skills:
 + Level 3.1 Fighting
 + Level 3.1 Long Blades
 + Level 1.7 Armour
 + Level 1.7 Dodging


You couldn't memorise any spells.
You didn't know any spells.
Your spell library was empty.

Dungeon Overview and Level Annotations

Branches:
Dungeon (1/15)

Altars:


Innate Abilities, Weirdness & Mutations

You are completely covered in rugged brown scales. (AC +3, +7% HP)
You have supernaturally acute eyesight. (SInv)
Armour fits poorly on your strangely shaped body.
You can roll at foes to attack.
You have a long armoured tail.


Message History

Welcome, FessEmpty the Palentonga Berserker.
Will you prevail where others failed? Will you find the Orb of Zot?
Trog says: Kill them all!
Press ? for a list of commands and other information.
Found a viscous puce potion.
Found a staircase leading out of the dungeon.
c - a viscous puce potion You open the door.
There is an open door here.
You can't see anything there to charge at!
Press: ? - help, Dir - move target cursor You can't see anything there to charge at!
You can't see anything there to charge at! x2
Okay, then.
A leopard gecko, a ball python and a kobold come into view.
The ball python hisses angrily.
The kobold shouts!
The leopard gecko hisses angrily.
You hear a shout!
Firing (i - inventory) No suitable missiles.
Press: ? - help, Shift-Dir - straight line, f - leopard gecko
Aim: a leopard gecko
Okay, then.
Roll where?
Press: ? - help, Dir - move target cursor, f - leopard gecko
Aim: a leopard gecko You roll forward with a clatter of scales!
You closely miss the leopard gecko.
Your tail-slap misses the leopard gecko.
You hear a shout!
The leopard gecko bites you.
A kobold comes into view.
You hit the leopard gecko.
You kill the leopard gecko!
Trog accepts your kill.
You hit the ball python.
You kill the ball python!
Trog accepts your kill.
The kobold throws a stone.
The stone hits you but does no damage. The kobold hits you but does no damage.
You closely miss the kobold.
The kobold throws a stone.
The stone closely misses you. The kobold hits you but does no damage.
You hit the kobold.
You kill the kobold!
Trog accepts your kill.
A goblin comes into view. It is wielding a -1 club.
Enter note:
Enter note:
Okay, then.
You see here a stone.
You open the door.
There is an open door here.
There is a staircase leading out of the dungeon here.
Quiver which item? (- for none, * to show all) (? for menu, Esc to quit)
Okay, then.
You can't go down here!
Are you sure you want to leave the Dungeon?
This will make you lose the game! The goblin closely misses you.
You riposte.
You hit the goblin.
You kill the goblin!
Trog accepts your kill.
You have escaped!

#......... ..... #.........
... ##.#.########.#
#............#
##...##'##....#
########....#...#...(###.##
..........###.⌠.###........
########..#.......#.#######
# ##.#.⌠.@.⌠.#.# ..
#.#...K...#.# #.
#.###.⌠.###.###### #.
#...#...#..........
####.##...##'##...#######
......#.K.........#
#..............#
#..(#g#######).# #...#.#
#..#


You could see a kobold.

Vanquished Creatures
  A leopard gecko (D:1)
  A ball python (D:1)
  A goblin (D:1)
  A kobold (D:1)
4 creatures vanquished.

Notes
Turn   | Place    | Note
-------+----------+-------------------------------------------
     0 | D:1      | FessEmpty the Palentonga Berserker began the quest for the
                  | Orb.
     0 | D:1      | Reached XP level 1. HP: 19/19 MP: 1/1
    68 | D:$      | Got out of the dungeon alive.

Illustrated notes

Levels and vault maps discovered:
D:1:      dpeg_arrival_simpleton_c, layout_loops_ring

Action                   || total
-------------------------++-------
Melee: Falchion          ||     5
 Abil: Rolling Charge    ||     1
Armor: Animal skin       ||     1
Dodge: Dodged            ||     2
       Rpst.: Falchion   ||     1

Table legend: (Time is in decaauts)
 A = Elapsed time spent in this place.
 B = Non-inter-level travel time spent in this place.
 C = Inter-level travel time spent in this place.
 D = Time resting spent in this place.
 E = Time spent auto-exploring this place.
 F = Levels seen in this place.
 G = Mean time per level.
                   A        B        C        D        E       F      G
               +--------+--------+--------+--------+--------+-----+--------+
         Total |     68 |     68 |      0 |      0 |     37 |   1 |   68.0 |
       Dungeon |     68 |     68 |      0 |      0 |     37 |   1 |   68.0 |
               +--------+--------+--------+--------+--------+-----+--------+

Top non-repeatable levels by time:
     D:1: 68 daAuts
